 Dungeon Sprint DCSS version 0.30.1-11-g7821555f0a (webtiles) character file.

Game seed: 15809686918113249648

18354 Heoruswealwe the Phalangite (level 12, -14/130 HPs)
             Began as a Minotaur Fighter on Nov 7, 2023.
             Was an Initiate of Gozag.
             Killed from afar by a fire dragon (36 damage)
             ... with a blast of flame
             ... in the Dungeon (Sprint IX: "|||||||||||||||||||||||||||||").
             The game lasted 00:21:10 (1887 turns).

Heoruswealwe the Phalangite (Minotaur Fighter)      Turns: 1887, Time: 00:21:13

Health: -14/130    AC: 25    Str: 29    XL:     12   Next: 27%
Magic:  11/11      EV:  9    Int:  5    God:    Gozag
Gold:   159        SH:  5    Dex: 10    Spells: 11/11 levels left

rFire   . . .        b - +1 glaive
rCold   . . .        (shield currently unavailable)
rNeg    . . .        c - +0 storm dragon scales
rPois   +            (helmet restricted)
rElec   +            h - +0 cloak
rCorr   .            f - +0 pair of gloves
SInv    .            e - +1 pair of boots
Will    .....        i - amulet of reflection Stlth
                     k - ring of poison resistance
HPRegen 0.41/turn    j - +3 ring of strength
MPRegen 0.12/turn

%: no teleportation, reflection
@: gold aura
A: horns 2, retaliatory headbutt
a: Renounce Religion, Potion Petition, Call Merchant, Bribe Branch


You were in the Dungeon.
You worshipped Gozag.
Gozag was aware of your devotion.
You visited 1 branch You collected 6907 gold pieces.
You spent 4515 gold pieces at shops.
You paid 2233 gold pieces to Gozag.

Inventory:

Hand Weapons
 a - a +0 trident
 b - a +1 glaive (weapon)
Armour
 c - +0 storm dragon scales (worn)
 d - a +0 buckler
 e - a +1 pair of boots (worn)
 f - a +0 pair of gloves (worn)
 h - a +0 cloak (worn)
Jewellery
 i - an amulet of reflection (around neck)
 j - a +3 ring of strength (right hand)
 k - a ring of poison resistance (left hand)
Wands
 v - a wand of quicksilver (10)
Scrolls
 o - 2 scrolls of blinking
 q - 5 scrolls of enchant weapon
 r - 2 scrolls of enchant armour
 s - 9 scrolls of identify
Potions
 g - 2 potions of haste
 l - 5 potions of curing
 n - 3 potions of might
 p - 2 potions of mutation
 t - 2 potions of cancellation
Miscellaneous
 u - a phantom mirror
 w - a condenser vane
 x - a box of beasts
 y - a lightning rod (4/4)


   Skills:
 + Level 19.2 Fighting
 * Level 25.7 Polearms
 + Level 19.2 Armour
 - Level 3.6 Shields


You had 11 spell levels left.
You didn't know any spells.
Your spell library was empty.

Dungeon Overview and Level Annotations

Branches:
Dungeon (1/1)

Altars:
Cheibriados
Dithmenos
Elyvilon
Fedhas
Gozag
Hepliaklqana
Kikubaaqudgha
Makhleb
Nemelex Xobeh
Okawaru
Qazlal
Ru
Sif Muna
Trog
Uskayaw
Vehumet
Wu Jian
Xom
Yredelemnul
Zin
The Shining One
Jiyva
Lugonu

Shops:
D **[?:(*


Innate Abilities, Weirdness & Mutations

You have a pair of horns on your head.
You reflexively headbutt those who attack you in melee.


Message History

The tengu warrior misses you.
The tengu warrior claws you but does no damage.
The fire dragon roars deafeningly!
You barely miss the tengu warrior.
The tengu warrior is almost dead.
The tengu warrior barely misses you.
You slash the tengu warrior!
You kill the tengu warrior!
The fire dragon is no longer distracted by gold.
You hear some strange, mumbled words.
A fireball appears from out of thin air!
The fireball explodes!
The fireball engulfs you.
* * * LOW HITPOINT WARNING * * *
Your Armour skill increases to level 19!
Something hits you but does no damage.
You see here 81 gold pieces.
You slice something!!
The rakshasa is no longer distracted by gold.
The tengu warrior hits you from afar with a +0 halberd.
* * * LOW HITPOINT WARNING * * *
Something hits you but does no damage.
You closely miss something. You headbutt something!!
The tengu warrior hits you but does no damage.
You miss something. You headbutt something.
Something hits you but does no damage.
The tengu warrior hits you but does no damage.
You slice something!!
Reactivating autopickup.
You feel a bit more experienced.
The tengu warrior hits you but does no damage.
The tengu warrior pecks you but does no damage.
The tengu warrior claws you but does no damage.
You see here 279 gold pieces.
You slice the tengu warrior like a ripe choko!!!
You kill the tengu warrior!
The tengu warrior's corpse shimmers and vanishes!
The fire dragon breathes flames at you. The blast of flame hits you!!!
You die...
Your body crumbles into a pile of gold.

▓.▓.▓)▓.▓.▓.▓,*,*,*,*,*,*,*,*,
▓[▓.▓.▓.▓∩▓.▓.▓,*,*,*,*,*,*,*,
▓'▓.▓.▓.▓.▓.▓.▓,*,*,*,*,*,*,*,
▓.▓.▓)▓.▓∩▓.▓C▓,*,*,*,*,*,*,*,
▓.▓.▓.▓.▓.▓.▓C▓,*,*,*,*,*,*,*+
▓.▓.▓.▓.▓∩▓.▓R▓,*,*,*,*,*,*,*,
▓.▓.▓.▓.▓.▓.▓D▓,*,*,*,*,*,*,*,
▓.▓.▓.▓.▓∩▓.▓$▓,*,*,*,*,*,*,*,
▓[▓.▓.▓.▓.▓.▓@▓,*+*,*,*,*,*,*,
▓)▓.▓.▓.▓.▓.▓$▓,*,*,*,*,*,*,*,
▓?▓.▓.▓.▓.▓.▓$▓,*,*,*,*,*,*,*,
▓!▓.▓.▓.▓.▓.▓$▓,*,*,*,*,*,*,*,
▓'▓.▓'▓.▓?▓.▓.▓,*,*,*,*,*,*,*,
▓_▓.▓.▓.▓[▓.▓.▓,*,*,*,*,*,*,*,
▓_▓.▓.▓.▓.▓.▓.▓,*,*,*,*,*,*,*,
▓_▓.▓.▓.▓.▓.▓.▓,*,*,*,*,*,*,*,
▓_▓.▓.▓.▓.▓.▓.▓,*,*,*,*,*,*,*,


You could see a fire dragon (catching breath), 2 stone giants and a rakshasa.

Vanquished Creatures
  An entropy weaver (shapeshifter) (D)
  2 centaur warriors (D)
  A hydra (D)
  2 boulder beetles (D)
  A tengu warrior (D)
  A deep troll shaman (D)
  A wizard (D)
  A deep elf pyromancer (D)
  8 orc knights (D)
  An orc sorcerer (D)
  A manticore (D)
  An elephant (D)
  4 black mambas (D)
  A torpor snail (D)
  A gargoyle (D)
  6 cane toads (D)
  Psyche (D)
  An efreet (D)
  A wraith (D)
  A shadow (D)
  2 basilisks (D)
  2 vampires (D)
  A vampire mosquito (D)
  3 wargs (D)
  2 hell hounds (D)
  2 water moccasins (D)
  18 orc warriors (D)
  2 ogres (D)
  3 wolves (D)
  A kobold brigand (D)
  3 bullfrogs (D)
  A killer bee (D)
  4 orc priests (D)
  A hound (D)
  2 orc wizards (D)
  A gnoll (D)
  8 orcs (D)
  2 endoplasms (D)
  A hobgoblin (D)
  2 frilled lizards (D)
98 creatures vanquished.

Notes
Turn   | Place    | Note
-------+----------+-------------------------------------------
     0 | D        | Heoruswealwe the Minotaur Fighter began the quest for the
                  | Orb.
     0 | D        | Reached XP level 1. HP: 19/19 MP: 0/0
    12 | D        | Reached skill level 3 in Polearms
    21 | D        | Noticed an ogre
    21 | D        | Noticed a hound
    21 | D        | Noticed an ogre
    25 | D        | Killed an ogre
    26 | D        | Reached skill level 7 in Polearms
    26 | D        | Reached XP level 2. HP: 24/30 MP: 1/1
    26 | D        | Reached XP level 3. HP: 30/37 MP: 2/2
    26 | D        | Reached XP level 4. HP: 36/44 MP: 3/3
    31 | D        | Reached skill level 8 in Polearms
    33 | D        | Killed an ogre
    34 | D        | Reached skill level 10 in Polearms
    34 | D        | Reached XP level 5. HP: 44/53 MP: 4/4
    44 | D        | Found a snail-covered altar of Cheibriados.
    44 | D        | Found a shadowy altar of Dithmenos.
    44 | D        | Found a white marble altar of Elyvilon.
    44 | D        | Found a blossoming altar of Fedhas.
    44 | D        | Found an opulent altar of Gozag.
    45 | D        | Found a hazy altar of Hepliaklqana.
    46 | D        | Found a viscous altar of Jiyva.
    47 | D        | Found an ancient bone altar of Kikubaaqudgha.
    48 | D        | Found a corrupted altar of Lugonu.
    49 | D        | Found a burning altar of Makhleb.
    50 | D        | Found a sparkling altar of Nemelex Xobeh.
    51 | D        | Found an iron altar of Okawaru.
    52 | D        | Became a worshipper of Gozag Ym Sagoz the Greedy
    53 | D        | Found a stormy altar of Qazlal.
    54 | D        | Found a sacrificial altar of Ru.
    55 | D        | Found a shimmering blue altar of Sif Muna.
    56 | D        | Found a bloodstained altar of Trog.
    57 | D        | Found a hide-covered altar of Uskayaw.
    58 | D        | Found a radiant altar of Vehumet.
    59 | D        | Found an ornate altar of the Wu Jian Council.
    60 | D        | Found a shimmering altar of Xom.
    61 | D        | Found a basalt altar of Yredelemnul.
    62 | D        | Found a glowing silver altar of Zin.
    63 | D        | Found a glowing golden altar of the Shining One.
   119 | D        | Noticed a vampire
   119 | D        | Noticed a gargoyle
   119 | D        | Noticed a wraith
   119 | D        | Noticed an orc warrior
   131 | D        | Reached skill level 11 in Polearms
   131 | D        | Reached XP level 6. HP: 45/62 MP: 5/5
   138 | D        | Killed an orc warrior
   146 | D        | Killed a wraith
   147 | D        | Reached skill level 12 in Polearms
   147 | D        | Reached XP level 7. HP: 46/71 MP: 6/6
   149 | D        | Killed a gargoyle
   150 | D        | Reached skill level 10 in Fighting
   150 | D        | Reached skill level 14 in Polearms
   150 | D        | Reached skill level 10 in Armour
   153 | D        | Killed a vampire
   154 | D        | Reached XP level 8. HP: 44/82 MP: 7/7
   269 | D        | Noticed a deep elf pyromancer
   269 | D        | Noticed a boulder beetle
   282 | D        | Reached skill level 15 in Polearms
   291 | D        | Killed a boulder beetle
   292 | D        | Reached skill level 16 in Polearms
   301 | D        | Reached skill level 17 in Polearms
   301 | D        | Reached XP level 9. HP: 70/92 MP: 8/8
   322 | D        | Killed a deep elf pyromancer
   539 | D        | Noticed a cane toad
   539 | D        | Noticed a black mamba
   539 | D        | Noticed a cane toad
   540 | D        | Noticed a cane toad
   543 | D        | Noticed a cane toad
   543 | D        | Killed a cane toad
   544 | D        | Reached skill level 18 in Polearms
   554 | D        | Killed a black mamba
   561 | D        | Killed a cane toad
   565 | D        | Reached skill level 19 in Polearms
   569 | D        | Killed a cane toad
   570 | D        | Reached XP level 10. HP: 74/104 MP: 9/9
   573 | D        | Killed a cane toad
   670 | D        | Noticed an elephant
   670 | D        | Noticed a five-headed hydra
   670 | D        | Noticed a cane toad
   670 | D        | Noticed a black mamba
   670 | D        | Noticed a torpor snail
   672 | D        | Noticed a black mamba
   675 | D        | Killed a torpor snail
   676 | D        | Reached skill level 20 in Polearms
   687 | D        | Killed a 13-headed hydra
   688 | D        | Reached skill level 15 in Fighting
   688 | D        | Reached skill level 15 in Armour
   689 | D        | Killed a black mamba
   689 | D        | Noticed a cane toad
   692 | D        | Noticed a black mamba
   693 | D        | Killed a cane toad
   700 | D        | Killed an elephant
   701 | D        | Reached skill level 21 in Polearms
   706 | D        | Killed a black mamba
   710 | D        | Killed a cane toad
   714 | D        | Killed a black mamba
   864 | D        | Reached XP level 11. HP: 114/114 MP: 10/10
   876 | D        | Reached skill level 22 in Polearms
   967 | D        | Noticed Psyche
   978 | D        | Killed Psyche
  1112 | D        | Noticed an orc sorcerer
  1141 | D        | Killed an orc sorcerer
  1265 | D        | Found Umiythrue's Assorted Antiques.
  1265 | D        | Noticed an orc knight
  1265 | D        | Noticed an orc knight
  1265 | D        | Noticed an orc knight
  1282 | D        | Killed an orc knight
  1283 | D        | Reached skill level 23 in Polearms
  1290 | D        | Killed an orc knight
  1297 | D        | Noticed an orc knight
  1298 | D        | Killed an orc knight
  1314 | D        | Killed an orc knight
  1322 | D        | Found Erehogre's Antique Weapon Shop.
  1322 | D        | Noticed an orc knight
  1336 | D        | Killed an orc knight
  1343 | D        | Found Hympa's Book Boutique.
  1346 | D        | Found Cauwegh's Magic Scroll Shop.
  1370 | D        | Noticed an orc knight
  1372 | D        | Noticed an orc knight
  1401 | D        | Killed an orc knight
  1406 | D        | Killed an orc knight
  1407 | D        | Reached skill level 24 in Polearms
  1453 | D        | Bought a potion of curing for 81 gold pieces
  1453 | D        | Bought 2 coppery potions for 48 gold pieces
  1453 | D        | Bought a potion of curing for 81 gold pieces
  1453 | D        | Bought a phantom mirror for 1080 gold pieces
  1453 | D        | Bought 3 scrolls of identify for 162 gold pieces
  1453 | D        | Bought 2 scrolls labelled ROL WUEDWAHU for 54 gold pieces
  1459 | D        | Bought a scroll of identify for 24 gold pieces
  1459 | D        | Bought a scroll of identify for 24 gold pieces
  1459 | D        | Bought a scroll of identify for 24 gold pieces
  1459 | D        | Bought a scroll of identify for 24 gold pieces
  1459 | D        | Bought a scroll of identify for 24 gold pieces
  1459 | D        | Bought a scroll of identify for 24 gold pieces
  1490 | D        | Bought a scroll of enchant weapon for 210 gold pieces
  1490 | D        | Bought a thick lapis lazuli amulet for 140 gold pieces
  1490 | D        | Bought a condenser vane for 1120 gold pieces
  1530 | D        | Bought a scroll of enchant weapon for 135 gold pieces
  1530 | D        | Bought a box of beasts for 720 gold pieces
  1530 | D        | Bought a lightning rod (4/4) for 540 gold pieces
  1803 | D        | Noticed a centaur warrior
  1803 | D        | Noticed an orc knight
  1803 | D        | Noticed a centaur warrior
  1803 | D        | Noticed a boulder beetle
  1803 | D        | Noticed an entropy weaver
  1808 | D        | Killed an entropy weaver
  1812 | D        | Killed a boulder beetle
  1817 | D        | Killed a centaur warrior
  1830 | D        | Noticed a wizard
  1832 | D        | Killed an orc knight
  1833 | D        | Reached XP level 12. HP: 61/128 MP: 11/11
  1833 | D        | Noticed a deep troll shaman
  1837 | D        | Noticed a tengu warrior
  1838 | D        | Killed a centaur warrior
  1839 | D        | Reached skill level 25 in Polearms
  1844 | D        | Noticed a fire dragon
  1846 | D        | Noticed a rakshasa
  1853 | D        | Noticed a stone giant
  1864 | D        | Killed a deep troll shaman
  1880 | D        | Killed a tengu warrior
  1887 | D        | Killed from afar by a fire dragon

Illustrated notes

Levels and vault maps discovered:
D:        linesprint [early_d, line_temple, items_1, d_10, items_2, lair_1,
          lair_end, items_3, orc_1, orc_end, items_4, d_15, swamp_1, shoals_1,
          snake_1, spider_1, d_20, vaults_1, items_5, swamp_end, shoals_end,
          snake_end, spider_end, vaults_end, d_27, items_6, zot_1, zot_end,
          crypt_end, forest_end, elf_end, slime_end, tomb_end, abyss_end,
          pan_hell_end]

Skill      XL: |  1  2  3  4  5  6  7  8  9 10 11 12 |
---------------+-------------------------------------+-----
Polearms       | 7 10 11 12 14 17 19 21 24 25 | 25.7
Fighting       | 6 7 8 9 11 12 14 16 18 19 | 19.2
Armour         | 6 7 8 9 11 12 14 16 18 19 | 19.2
Shields        | |  3.6

Action                     |  1- 3 |  4- 6 |  7- 9 | 10-12 || total
---------------------------+-------+-------+-------+-------++-------
  Melee: Trident           |    14 |    11 |       |       ||    25
         Headbutt          |     4 |     7 |    17 |    50 ||    78
         Halberd           |       |    26 |    76 |   204 ||   306
         Glaive            |       |       |       |    71 ||    71
         Unarmed           |       |       |       |     6 ||     6
 Invoke: Call Merchant     |       |       |       |     3 ||     3
    Use: Potion            |       |       |     2 |    12 ||    14
         Scroll            |       |       |       |     3 ||     3
   Stab: Distracted        |       |       |     1 |     3 ||     4
 Armour: Scale mail        |     3 |    13 |       |       ||    16
         Plate armour      |       |       |    35 |    82 ||   117
         Storm dragon scal |       |       |       |    50 ||    50
  Dodge: Dodged            |     2 |    11 |    15 |    67 ||    95
  Block: Buckler           |     3 |     1 |       |       ||     4
         Other             |       |       |       |     7 ||     7
         Reflection        |       |       |       |     1 ||     1
